AoeStats
← somohano89

Arena

509202320Analyzed
1v1 RM · 6d ago on Sep 25, 2026· 42m 50s· 2 players
Game mode
Random Map
Map size
Tiny (2 player)
Population
200
Speed
Normal
Resources
Standard
Victory
Conquest
Starting age
Dark Age
Ending age
Imperial Age
RankedLock teamsTeams togetherTeam positionsShared explorationLock speedFull tech treeHidden civsTurbo modeCheats
Victory
Defeat
🇲🇽 Aztecs · Mexico
985
+15
🇨🇴 Spanish · Colombia
970
-15
Juanzanahoria
3:24 Loom
10:47 Feudal Age
14:28 Castle Age
14:17 Double-Bit Axe
14:14 Horse Collar
25:28 Bow Saw
25:38 Padded Archer Armor
31:28 Imperial Age
31:55 Forging
31:52 Scale Barding Armor
33:59 Husbandry
34:36 Iron Casting
33:26 Light Cavalry
34:20 Bloodlines
33:31 Cavalier
38:59 Gold Mining
39:02 Stone Mining
39:20 Cavalier
41:05 Blast Furnace
40:26 Chain Barding Armor
41:04 Wheelbarrow
40:14 Town Watch
somohano89
10:44 Feudal Age
10:56 Loom
11:42 Double-Bit Axe
17:39 Castle Age
16:22 Stone Mining
16:59 Town Watch
17:43 Gold Mining
20:02 Stone Shaft Mining
34:04 Imperial Age
32:12 Wheelbarrow
31:48 Fletching
31:59 Padded Archer Armor
32:20 Gambesons
34:11 Scale Mail Armor
34:22 Forging
34:43 Town Patrol
34:21 Capped Ram
37:09 Elite Jaguar Warrior
40:36 Iron Casting
40:17 Chain Mail Armor
41:41 Conscription
41:43 Garland Wars
Connection lost

Rejoining the realm…

Still unreachable

The connection could not be restored.

Session expired

The server has moved on; the page needs a fresh start.